 Dungeon Crawl Stone Soup version 0.15-a0-1828-g04ddf54 (webtiles) character file.

7905 MULE the Grappler (level 11, -26/111 (112) HPs)
             Began as a Troll Warper on July 1, 2014.
             Was a High Priest of Okawaru.
             Annihilated by an alligator simulacrum (33 damage)
             ... in an ice cave on July 2, 2014.
             The game lasted 00:23:54 (4106 turns).

MULE the Grappler (Troll Warper)                    Turns: 4106, Time: 00:23:54

HP -26/111 (112) AC  7     Str 21      XL: 11   Next:  2%
MP   6/7         EV 15     Int 12      God: Okawaru [*****.]
Gold 383         SH  0     Dex 12      Spells:  4 memorised,  3 levels left

rFire  . . .     SeeInvis .       - Unarmed
rCold  . . .     Clarity  .     b - +0 robe
rNeg   . . .     rCorr    .     (shield restricted)
rPois  .         rRot     .     (helmet restricted)
rElec  .         Spirit   .     y - +1 cloak
SustAb .         Warding  .     (gloves unavailable)
rMut   .         Stasis   .     (boots unavailable)
Gourm  +                        u - amulet of faith
MR     .....                    (no ring)
                                l - +3 ring of intelligence

@: heroism, not resistant to hostile enchantments, unstealthy
A: unfitting armour, claws 3, fast metabolism 3, gourmand, regeneration 2,
robust 1, saprovore 2, shaggy fur 1, spit poison 1, tough skin 2
a: Spit Poison, Heroism, Finesse, Renounce Religion


You were in an ice cave.
You worshipped Okawaru.
Okawaru was extremely pleased with you.
You were not hungry.

You visited 2 branches of the dungeon, and saw 15 of its levels.
You also visited: Sewer and Ice Cave.

You collected 383 gold pieces.

Inventory:

Hand weapons
 o - the +7 longbow "Piercer" {penet, EV-2}
   (Okawaru gifted it to you on level 1 of the Lair of Beasts)

   Ammo fired by it will pass through the targets it hits, potentially hitting
   all targets in its path until it reaches maximum range.
   It affects your evasion (-2).
 B - a +0 whip
Missiles
 e - 5 tomahawks
 q - a throwing net
 L - 4 large rocks (quivered)
Armour
 b - a +0 robe (worn)
 y - a +1 cloak (worn)
Magical devices
 r - a wand of slowing (19) {unknown}
 A - a wand of draining (5)
Comestibles
 a - 4 meat rations
 h - 2 rotting chunks of troll flesh
 k - 5 bread rations
Scrolls
 d - a scroll of blinking
 g - a scroll of magic mapping
 j - 2 scrolls of teleportation
 n - 2 scrolls of identify
 s - 2 scrolls of enchant armour
 t - 2 scrolls of remove curse
 C - a scroll of amnesia {unknown}
 H - a scroll of holy word {unknown}
Jewellery
 l - a +3 ring of intelligence (left claw)
 u - an amulet of faith (around neck)
Potions
 f - a potion of invisibility
 m - 2 potions of magic
 v - a potion of might
 w - a potion of agility
 x - a potion of haste
 z - a potion of berserk rage
Books
 c - a book of Spatial Translocations

   Spells                             Type                      Level
   *Apportation                       Translocation                1
   *Blink                             Translocation                2
   *Shroud of Golubria                Charms/Translocation         2
   Portal Projectile                  Translocation                3
   Teleport Other                     Translocation                3
   *Passage of Golubria               Translocation                4
 p - a book of Debilitation

   Spells                             Type                      Level
   Corona                             Hexes                        1
   Slow                               Hexes                        2
   Inner Flame                        Hexes/Fire                   3
   Enslavement                        Hexes                        4
   Cause Fear                         Hexes                        4
   Leda's Liquefaction                Hexes/Earth                  4
 K - a book of Debilitation

   Spells                             Type                      Level
   Corona                             Hexes                        1
   Slow                               Hexes                        2
   Inner Flame                        Hexes/Fire                   3
   Enslavement                        Hexes                        4
   Cause Fear                         Hexes                        4
   Leda's Liquefaction                Hexes/Earth                  4
Magical staves
 i - an uncursed staff of fire {unknown}
Miscellaneous
 D - a phial of floods
 I - a disc of storms


   Skills:
 - Level 5.0(10.0) Fighting
 - Level 0.8(5.8) Throwing
 - Level 2.1(7.1) Armour
 - Level 6.0(11.0) Dodging
 + Level 13.8(18.8) Unarmed Combat
 - Level 1.2 Spellcasting
 - Level 2.1 Translocations


You had 3 spell levels left.
You knew the following spells:

 Your Spells              Type           Power        Failure   Level  Hunger
a - Apportation           Tloc           #.........   12%         1    ##.....
b - Blink                 Tloc           N/A          17%         2    ###....
c - Shroud of Golubria    Chrm/Tloc      #.........   34%         2    ###....
d - Passage of Golubria   Tloc           N/A          93%         4    #####..


Dungeon Overview and Level Annotations

Branches:
Dungeon (11/15)              Lair (4/8) D:11
 Temple: D:4-7          Orc: D:9-12       Swamp: Lair:3-6    Shoals: Lair:3-6
  Snake: Lair:3-6    Spider: Lair:3-6

Altars:
Ashenzari
Dithmenos
Elyvilon
Gozag
Okawaru
Xom

Shops:
D:5 [

Annotations:
D:2 Sigmund


Innate Abilities, Weirdness & Mutations

You are too large for most types of armour.
You have claws for hands.
Your metabolism is lightning-fast.
You like to eat raw meat.
You heal very quickly.
You can eat rotten meat.
You are covered in fur (AC +1).
You have very tough skin (AC +2).
You are robust (+10% HP).
You can spit poison.


Message History

Okawaru accepts your kill.
Throwing (i - inventory. (,) - cycle):
L - 6 large rocks (quivered)
Press: ? - help, Shift-Dir - straight line, f - elephant simulacrum
Aim: an elephant simulacrum You throw a large rock.
The large rock hits the elephant simulacrum.
The death yak simulacrum gores you!! The death yak simulacrum freezes you!!
Throwing (i - inventory. (,) - cycle):
L - 5 large rocks (quivered)
Press: ? - help, Shift-Dir - straight line, f - death yak simulacrum, p - elephant simulacrum
Aim: a death yak simulacrum (freezing vapour)
You throw a large rock.
The large rock completely misses the death yak simulacrum.
There is an ice covered gate leading back out of here here.
The death yak simulacrum gores you but does no damage.
The alligator simulacrum bites you!! The alligator simulacrum freezes you!!
* * * LOW HITPOINT WARNING * * *
The alligator simulacrum tail-slaps you.
* * * LOW HITPOINT WARNING * * *
The alligator simulacrum freezes you!!
You die...

#### ##..##
.. ###....##
...##((.....#
#...(.(.∩.∩.#
##......Z...#
##..##@Z..##
## ##Z.##
####


You could see an alligator simulacrum, a death yak simulacrum and an elephant
simulacrum.

Vanquished Creatures
  2 hill giants (D:11)
  A cyclops (D:11)
  A feature mimic (D:11)
  A black mamba (Lair:4)
  A troll (D:11)
  A wolf spider simulacrum (IceCv)
  A trapdoor spider (D:11)
  A deep elf mage (D:11)
  A hill giant zombie (D:8)
  6 ugly things (D:11)
  3 wargs (D:11)
  A hippogriff (Lair:1)
  4 porcupines
  5 ice beasts
  A sky beast (D:5)
  3 water moccasins
  An orc warrior (D:11)
  3 crocodiles
  A necrophage (D:6)
  4 ogres
  4 centaurs
  4 giant frogs
  5 killer bees (D:8)
  A jelly (D:5)
  A giant frog zombie (D:7)
  A crimson imp (D:10)
  A goliath beetle (D:8)
  A gnoll shaman (D:5)
  4 orc priests
  An electric eel (Lair:1)
  5 hounds
  Crazy Yiuf (D:5)
  2 iguanas
  5 orc wizards
  5 worker ants
  Terence (D:2)
  A mummy (D:10)
  6 gnolls (D:5)
  5 adders
  3 green rats
  A hound simulacrum (D:10)
  2 giant mites
  2 worms
  4 giant geckos
  14 orcs
  3 ball pythons
  7 giant cockroaches
  3 goblins
  8 hobgoblins
  6 jackals
  9 kobolds
  3 quokkas
  4 bats
  2 giant newts
  A kobold skeleton (D:5)
  An orc skeleton (D:5)
  37 rats
  A ballistomycete (D:5)
207 creatures vanquished.

Vanquished Creatures (others)
  A giant spore (D:5)
1 creature vanquished.

Grand Total: 208 creatures vanquished

Notes
Turn   | Place    | Note
--------------------------------------------------------------
     0 | D:1      | MULE, the Troll Warper, began the quest for the Orb.
     0 | D:1      | Reached XP level 1. HP: 19/19 MP: 2/2
   218 | D:1      | Reached XP level 2. HP: 24/27 MP: 2/2
   276 | D:2      | Reached skill level 3 in Unarmed Combat
   309 | D:2      | Found a shattered altar of Ashenzari.
   310 | D:2      | Found a white marble altar of Elyvilon.
   311 | D:2      | Found a shadowy altar of Dithmenos.
   312 | D:2      | Found an iron altar of Okawaru.
   313 | D:2      | Found a shimmering altar of Xom.
   315 | D:2      | Found an opulent altar of Gozag.
   322 | D:2      | Became a worshipper of Warmaster Okawaru
   347 | D:2      | Noticed Sigmund
   532 | D:2      | Reached XP level 3. HP: 17/33 MP: 3/3
   584 | D:2      | Noticed Terence
   597 | D:2      | Killed Terence
   597 | D:2      | Reached skill level 4 in Unarmed Combat
   642 | D:3      | Noticed a centaur
   708 | D:3      | Killed a centaur
   708 | D:3      | Acquired Okawaru's first power
   708 | D:3      | Reached skill level 5 in Unarmed Combat
   708 | D:3      | Reached XP level 4. HP: 13/41 MP: 4/4
   708 | D:3      | Reached XP level 5. HP: 15/48 MP: 4/4
   753 | D:5      | Entered Level 5 of the Dungeon
   753 | D:5      | Found a glowing drain.
   813 | D:5      | Learned a level 2 spell: Blink
   816 | D:5      | Learned a level 2 spell: Shroud of Golubria
   820 | Sewer    | Entered a sewer
  1021 | D:5      | Noticed Crazy Yiuf
  1024 | D:5      | Killed Crazy Yiuf
  1069 | D:5      | Reached skill level 6 in Unarmed Combat
  1172 | D:4      | Reached XP level 6. HP: 53/55 MP: 5/5
  1177 | D:4      | Noticed an ogre
  1184 | D:4      | Killed an ogre
  1188 | D:4      | Reached skill level 7 in Unarmed Combat
  1428 | D:5      | Noticed a centaur
  1442 | D:4      | Noticed an ogre
  1494 | D:4      | Killed an ogre
  1494 | D:4      | Reached XP level 7. HP: 34/62 MP: 5/5
  1590 | D:6      | Reached skill level 8 in Unarmed Combat
  1681 | D:6      | Reached skill level 9 in Unarmed Combat
  1802 | D:6      | Reached XP level 8. HP: 61/69 MP: 6/6
  1855 | D:5      | Noticed a sky beast
  1866 | D:5      | Killed a centaur
  1877 | D:5      | Killed a sky beast
  1877 | D:5      | Reached skill level 10 in Unarmed Combat
  2045 | D:5      | Noticed an ice beast
  2054 | D:5      | Killed an ice beast
  2071 | D:5      | Found Phara's Armour Emporium.
  2166 | D:7      | Reached skill level 11 in Unarmed Combat
  2233 | D:8      | Reached skill level 1 in Armour
  2505 | D:8      | Received a gift from Okawaru
  2505 | D:8      | Reached XP level 9. HP: 37/79 MP: 4/7
  2807 | D:10     | Entered Level 10 of the Dungeon
  2900 | D:10     | Reached skill level 5 in Fighting
  3125 | D:11     | Noticed a cyclops
  3152 | D:11     | Killed a cyclops
  3183 | D:11     | Killed a staircase mimic
  3300 | D:11     | Learned a level 4 spell: Passage of Golubria
  3334 | D:11     | Reached XP level 10. HP: 54/95 MP: 6/7
  3345 | D:11     | Reached skill level 12 in Unarmed Combat
  3354 | D:11     | Gained mutation: You can spit poison. [mutagenic meat]
  3355 | D:11     | Gained mutation: You are robust (+10% HP). [mutagenic meat]
  3388 | D:11     | Noticed a hill giant
  3388 | D:11     | Reached skill level 5 in Dodging
  3400 | D:11     | Killed a hill giant
  3433 | D:11     | Acquired Okawaru's second power
  3434 | D:11     | Found a staircase to the Lair.
  3553 | D:11     | Noticed a hill giant
  3564 | D:11     | Killed a hill giant
  3681 | Lair:1   | Entered Level 1 of the Lair of Beasts
  3682 | Lair:1   | Upgraded the game from 0.15-a0-1808-ge879653 to 0.15-a0-1828-g04ddf54
  3709 | D:11     | Reached skill level 13 in Unarmed Combat
  3756 | Lair:1   | Received a gift from Okawaru
  4037 | Lair:4   | Noticed a black mamba
  4042 | Lair:4   | Killed a black mamba
  4071 | Lair:4   | Reached XP level 11. HP: 109/111 MP: 7/7
  4077 | Lair:4   | Found a frozen archway.
  4092 | IceCv    | Entered an ice cave
  4106 | IceCv    | Annihilated by an alligator simulacrum

Action                   |  1- 3 |  4- 6 |  7- 9 | 10-12 || total
-------------------------+-------+-------+-------+-------++-------
Melee: Unarmed           |   107 |   136 |   302 |   115 ||   660
Throw: Tomahawk          |       |     2 |     4 |     4 ||    10
       Large rock        |       |       |    11 |    19 ||    30
Invok: Heroism           |       |       |     5 |     4 ||     9
  Use: Scroll            |       |       |    15 |       ||    15
       Potion            |       |       |     7 |       ||     7
 Stab: Invisible         |       |       |     1 |       ||     1
       Sleeping          |       |       |     1 |       ||     1
